AoeStats
← Martimoc

Black Forest

509482259Analyzed
4v4 RM · 6d ago on Sep 26, 2026· 77m 45s· 8 players
Game mode
Random Map
Map size
Large (8 player)
Population
200
Speed
Normal
Resources
Standard
Victory
Conquest
Starting age
Dark Age
Ending age
Imperial Age
RankedLock teamsTeams togetherTeam positionsShared explorationLock speedFull tech treeHidden civsTurbo modeCheats
Victory
Defeat
🇮🇹 Byzantines · Italy
638
+18
🇮🇹 Japanese · Italy
588
+20
🇮🇹 Bengalis · Italy
569
+20
🇮🇹 Britons · Italy
542
+21
🇺🇸 Khmer · United States
716
-22
🇨🇱 Burgundians · Chile
713
-21
🇳🇱 Huns · Netherlands
642
-19
🇸🇰 Persians · Slovakia
602
-17
playboy42
12:55 Feudal Age
13:26 Double-Bit Axe
13:25 Horse Collar
22:28 Castle Age
20:49 Gold Mining
20:53 Stone Mining
23:23 Heavy Plow
23:36 Bow Saw
27:20 Gold Shaft Mining
28:55 Pikeman
29:38 Squires
39:49 Imperial Age
38:03 Wheelbarrow
37:16 Town Watch
43:42 Two-Man Saw
42:59 Elite Tarkan
57:33 Scale Barding Armor
57:29 Scale Mail Armor
57:30 Padded Archer Armor
57:20 Fletching
57:41 Forging
60:31 Halberdier
62:10 Coinage
62:14 Guilds
66:23 Caravan
76:15 Light Cavalry
77:06 Bloodlines
Martimoc
11:21 Feudal Age
9:37 Loom
13:08 Wheelbarrow
12:33 Double-Bit Axe
15:22 Town Watch
17:59 Horse Collar
18:08 Fishing Lines
21:52 Stone Mining
21:52 Gold Mining
26:43 Castle Age
26:08 Forging
26:00 Scale Mail Armor
26:06 Scale Barding Armor
26:02 Padded Archer Armor
25:52 Fletching
28:45 Hand Cart
28:59 Murder Holes
29:07 Gillnets
29:34 Husbandry
29:44 Heavy Plow
30:17 Bow Saw
30:52 Iron Casting
30:41 Guard Tower
31:47 Town Patrol
33:14 Masonry
38:08 Gold Shaft Mining
38:10 Stone Shaft Mining
41:39 Imperial Age
41:08 Ballistics
40:42 Heated Shot
41:10 Chain Mail Armor
41:15 Chain Barding Armor
43:37 Chemistry
43:08 Architecture
42:50 Siphons
43:22 Clinker Construction
43:34 Careening
45:26 Blast Furnace
44:55 Elite Cannon Galleon
46:27 Crop Rotation
47:01 Two-Man Saw
50:45 Kamandaran
50:15 Sappers
63:28 Heavy Camel Rider
63:29 Cavalier
65:10 Incendiaries
65:20 Carvel Hull
65:21 Dry Dock
65:35 Plate Mail Armor
65:40 Plate Barding Armor
65:21 Leather Archer Armor
65:01 Bodkin Arrow
64:31 Onager
73:58 Hoardings
73:48 Elite Skirmisher
76:07 Caravan
autokalishnikovmodern2022
11:38 Loom
13:59 Feudal Age
18:34 Castle Age
17:07 Double-Bit Axe
17:06 Horse Collar
24:36 Bow Saw
24:34 Heavy Plow
29:40 Stone Mining
29:49 Gold Mining
33:03 Imperial Age
31:43 Wheelbarrow
37:50 Town Watch
38:22 Hand Cart
43:58 Town Patrol
44:53 Double Crossbow
45:17 Heavy Scorpion
48:35 Conscription
69:36 Tusk Swords
Singlodo
10:24 Wheelbarrow
12:32 Double-Bit Axe
15:46 Feudal Age
22:03 Castle Age
20:25 Bow Saw
21:48 Horse Collar
22:37 Hand Cart
22:44 Stone Mining
22:45 Gold Mining
24:07 Heavy Plow
28:21 Hand Cart
33:25 Two-Man Saw
32:40 Scale Barding Armor
32:46 Forging
32:37 Scale Mail Armor
34:21 Chain Barding Armor
34:13 Loom
37:58 Imperial Age
35:35 Squires
35:21 Arson
36:18 Cavalier
36:58 Husbandry
37:36 Burgundian Vineyards
39:17 Paladin
40:56 Crop Rotation
40:48 Chain Mail Armor
41:24 Conscription
43:38 Elite Coustillier
45:34 Plate Barding Armor
45:01 Padded Archer Armor
55:48 Chemistry
55:09 Ballistics
54:59 Fortified Wall
54:41 Guard Tower
54:57 Siphons
55:45 Plate Mail Armor
55:30 Leather Archer Armor
55:06 Fletching
55:52 Iron Casting
73:59 Light Cavalry
74:47 Hussar
markafc13
1:00 Loom
13:23 Feudal Age
14:01 Horse Collar
14:16 Gold Mining
14:17 Stone Mining
14:29 Double-Bit Axe
18:21 Wheelbarrow
19:46 Arson
23:40 Castle Age
24:48 Heavy Plow
25:26 Gold Shaft Mining
25:06 Bow Saw
26:24 Squires
26:10 Gambesons
25:45 Pikeman
27:16 Treadmill Crane
27:27 Heated Shot
29:58 Hand Cart
33:28 Imperial Age
32:18 Ballistics
31:54 Murder Holes
36:30 Two-Man Saw
36:27 Caravan
36:55 Conscription
38:39 Chemistry
37:24 Arrowslits
37:46 Siege Engineers
37:51 Masonry
37:55 Forging
37:45 Scale Mail Armor
37:46 Padded Archer Armor
37:36 Fletching
37:52 Scale Barding Armor
39:50 Yeomen
39:43 Onager
40:08 Elite Skirmisher
40:09 Cranequins
41:48 Elite Longbowman
43:16 Chain Mail Armor
43:36 Iron Casting
43:17 Leather Archer Armor
46:15 Warwolf
46:22 Halberdier
47:49 Plate Mail Armor
48:20 Blast Furnace
47:16 Bodkin Arrow
47:51 Ring Archer Armor
47:41 Chain Barding Armor
48:50 Heavy Mounted Crossbowman
51:38 Bracer
64:37 Husbandry
63:58 Light Cavalry
76:13 Plate Barding Armor
76:10 Architecture
75:53 Fervor
metalmax
1:22 Loom
14:15 Feudal Age
19:54 Castle Age
18:16 Fishing Lines
18:27 Double-Bit Axe
18:37 Gold Mining
18:40 Horse Collar
21:38 Wheelbarrow
21:22 Heavy Plow
27:14 Bow Saw
27:04 Stone Mining
27:38 Gillnets
29:37 Hand Cart
29:33 Caravan
34:24 Imperial Age
35:21 Fletching
35:42 Forging
35:32 Scale Mail Armor
36:02 Conscription
35:03 Elite Samurai
38:06 Chemistry
37:27 Ballistics
37:13 Siege Engineers
37:19 Fortified Wall
38:49 Two-Man Saw
38:31 Chain Mail Armor
38:52 Iron Casting
38:13 Bodkin Arrow
38:18 Padded Archer Armor
38:56 Thumb Ring
39:51 Gold Shaft Mining
39:24 Elite Skirmisher
40:45 Plate Mail Armor
41:58 Kataparuto
46:14 Blast Furnace
45:15 Bracer
45:30 Leather Archer Armor
45:22 Treadmill Crane
45:38 Murder Holes
45:54 Masonry
46:26 Pikeman
47:06 Squires
46:53 Arson
46:53 Gambesons
50:07 Halberdier
52:05 Onager
58:07 Hoardings
62:20 Town Watch
ArSeNiO
0:50 Loom
18:43 Feudal Age
26:28 Castle Age
28:17 Double-Bit Axe
28:21 Horse Collar
28:09 Pikeman
29:38 Wheelbarrow
30:18 Scale Barding Armor
30:38 Heavy Plow
34:15 Gold Mining
38:54 Imperial Age
36:44 Hand Cart
40:02 Conscription
39:48 Paiks
39:12 Elite Battle Elephant
41:07 Bow Saw
41:42 Fortified Wall
41:14 Elite Skirmisher
43:21 Chemistry
42:43 Ballistics
42:22 Murder Holes
45:47 Siege Engineers
45:29 Arrowslits
45:55 Masonry
46:08 Caravan
47:12 Elite Ratha (Ranged)
49:28 Onager
51:13 Husbandry
51:24 Bloodlines
50:35 Light Cavalry
58:07 Elite Elephant Archer
60:23 Mahayana
62:25 Architecture
65:51 Two-Man Saw
65:30 Crop Rotation
67:58 Chain Barding Armor
67:29 Fletching
67:40 Padded Archer Armor
67:51 Forging
67:42 Scale Mail Armor
Gelor91
0:56 Loom
16:49 Feudal Age
18:39 Horse Collar
18:51 Double-Bit Axe
26:54 Castle Age
26:04 Gold Mining
26:08 Stone Mining
28:16 Squires
27:37 Pikeman
28:46 Caravan
29:18 Bow Saw
29:46 Gold Shaft Mining
31:32 Husbandry
32:14 Treadmill Crane
35:12 Imperial Age
33:17 Fortified Wall
33:23 Fletching
33:14 Crossbowman
35:42 Murder Holes
37:03 Conscription
38:28 Chemistry
37:14 Arrowslits
37:37 Padded Archer Armor
39:08 Wheelbarrow
40:37 Stone Shaft Mining
40:00 Bodkin Arrow
40:22 Leather Archer Armor
40:18 Forging
40:15 Scale Barding Armor
40:10 Scale Mail Armor
41:42 Arbalester
43:22 Logistica
43:06 Arson
44:36 Bracer
45:06 Ring Archer Armor
45:14 Thumb Ring
46:38 Chain Barding Armor
46:34 Chain Mail Armor
46:54 Iron Casting
46:23 Greek Fire
46:32 Halberdier
48:57 Elite Cataphract
51:15 Plate Barding Armor
51:05 Elite Skirmisher
51:39 Gambesons
52:10 Elite Varangian Guard
64:51 Plate Mail Armor
65:36 Two-Man Saw
75:19 Man-at-Arms
75:26 Capped Ram
Connection lost

Rejoining the realm…

Still unreachable

The connection could not be restored.

Session expired

The server has moved on; the page needs a fresh start.